Cogmind - Beta 13 X1 @@@ ROGUE MODE // 2023.06.28 @ 10:38:26 Player: btmk16 Result: Destroyed by Heavy Explosive Trap Performance ------------- Evolutions (4) 2000 Regions Visited (13) 2600 Robots Destroyed (247) 1235 Value Destroyed (8877) 8877 Prototype IDs (28) 560 Alien Tech Used (0) 0 Bonus (587) 587 TOTAL SCORE: 15859 Bonus ------- High Alert Combat Kills 586 Follower Combat Kills 35 Friendly Fire -34 Cogmind --------- Core Integrity 0/850 Matter 156/300 Energy 98/100 System Corruption 7% Temperature Cool (0) Movement Core (50) Location -6/Factory Parts ------- > --- POWER (2) -------- (None) > --- PROPULSION (4) --- Light Treads Light Treads Advanced Treads > --- UTILITY (6) ------ (None) > --- WEAPON (3) ------- Powered Hammer > --- INVENTORY (5) ---- Light Angular Momentum Engine Improved Particle Charger Heavy Laser Gauss Cannon Heavy Flak Cannon Peak State ------------ > --- POWER ------------ Reinforced Deuterium Engine Cooled Deuterium Engine > --- PROPULSION ------- Light Treads Light Treads Light Treads Improved Medium Treads > --- UTILITY ---------- Advanced Heat Sink Improved Cooling System Improved Cooling System Improved Cooling System High-capacity Storage Unit Medium Reflective Plating > --- WEAPON ----------- Improved Spread Laser Improved Spread Laser Improved Spread Laser > --- INVENTORY -------- Cooled Deuterium Engine Makeshift Power Source Light Treads Aluminum Leg Compact Wheel Advanced Heat Sink Gravity Neutralizer Gravity Neutralizer Terrain Scanner Drone Bay Hacking Drone Bay Makeshift Shrapnel Gun Gauss Cannon Rocket Launcher Rocket Launcher RU-N14's Throwing Claymores RU-N14's Throwing Claymores RU-N14's Throwing Claymores RU-N14's Throwing Claymores [Rating: 62] Favorites ----------- Power Cooled Deuterium Engine Engine Cooled Deuterium Engine Power Core Meta Core Propulsion Light Treads Treads Light Treads Leg Carbon-fiber Leg Wheel Wheel Hover Unit Aerolev Unit Utility Improved Cooling System Device Improved Cooling System Storage High-capacity Storage Unit Processor Advanced Targeting Computer Hackware Hacking Suite Protection Improved Light Armor Plating Weapon Advanced Beam Cannon Energy Gun Beam Rifle Energy Cannon Advanced Beam Cannon Ballistic Gun Makeshift Shrapnel Gun Ballistic Cannon Gauss Cannon Launcher Subdweller Shrapnel Launcher Special Weapon Multitool Impact Weapon Heavy Hammer Slashing Weapon Katana Build | -11 -10 -10 -9 -9 -9 -8 -8 -7 -7 -7 -7 -6 -6 ------- Run | Jun Mat Sub Mat Min Exi Min Mat Fac Low Low Zio Pro Fac Slots Evolved 8 | . . . 2 . . . 2 2 . . . . 2 Power 1 | . . . 1 . . . . . . . . . . Propulsion 2 | . . . . . . . 1 1 . . . . . Utility 4 | . . . 1 . . . 1 1 . . . . 1 Weapon 1 | . . . . . . . . . . . . . 1 Parts Attached 247 | 7 8 30 31 9 2 5 29 31 3 9 6 13 64 Power 30 | 1 1 5 4 . . . 5 4 . . . 2 8 Engine 22 | 1 . 5 3 . . . 2 3 . . . 2 6 Core 8 | . 1 . 1 . . . 3 1 . . . . 2 Reactor . | . . . . . . . . . . . . . . Propulsion 67 | 2 . 8 8 1 . . 11 11 2 2 . 3 19 Treads 42 | 2 . 1 5 1 . . 10 11 2 2 . 3 5 Leg 8 | . . . . . . . . . . . . . 8 Wheel 16 | . . 7 3 . . . . . . . . . 6 Hover 1 | . . . . . . . 1 . . . . . . Flight . | . . . . . . . . . . . . . . Utility 57 | 2 3 6 7 1 . 2 7 10 1 1 2 3 12 Device 29 | 1 1 1 3 . . 1 5 6 . 1 1 1 8 Storage 5 | 1 2 . 1 . . . 1 . . . . . . Processor 2 | . . 1 . . . 1 . . . . . . . Hackware 3 | . . . 1 . . . . 1 . . . . 1 Protection 18 | . . 4 2 1 . . 1 3 1 . 1 2 3 Artifact . | . . . . . . . . . . . . . . Weapon 93 | 2 4 11 12 7 2 3 6 6 . 6 4 5 25 Energy Gun 27 | 2 3 3 4 . . . 1 . . 1 2 2 9 Energy Cannon 21 | . . 1 5 3 . 3 3 4 . 1 . 1 . Ballistic Gun 2 | . . . . . . . . . . . . . 2 Ballistic Cannon 2 | . . . . . . . . . . . . . 2 Launcher 23 | . 1 5 2 4 . . 2 2 . 2 . 1 4 Special Weapon 11 | . . 2 . . 1 . . . . . . 1 7 Impact Weapon 5 | . . . 1 . 1 . . . . 1 1 . 1 Slashing Weapon 2 | . . . . . . . . . . 1 1 . . Piercing Weapon . | . . . . . . . . . . . . . . Special Melee Weapon . | . . . . . . . . . . . . . . Unidentified Prototypes 9 | . . . 1 . . . 1 3 . . 1 1 2 Parts Lost 68 | . . 5 3 2 . 3 4 1 2 2 . 7 39 Power 11 | . . 2 . . . 1 . . . . . 1 7 Propulsion 24 | . . 3 1 1 . . 1 . 1 1 . 3 13 Utility 22 | . . . 2 1 . 1 1 1 . 1 . 2 13 Weapon 11 | . . . . . . 1 2 . 1 . . 1 6 Highest Loss Streak 13 | . . 2 1 1 . 2 2 1 1 1 . 5 13 To Critical Strikes . | . . . . . . . . . . . . . . Average Slot Usage (%) 92 | . 99 86 90 99 88 86 99 99 99 98 99 99 70 Engine 10 | . 2 12 8 11 11 4 1 14 15 15 15 14 8 Core 4 | . 11 1 9 11 11 11 15 . . . . . 1 Treads 21 | . 28 9 14 21 22 22 26 29 30 30 30 29 10 Wheel 4 | . . 17 5 . . . . . . . . . 4 Device 14 | . 13 2 10 11 11 14 13 19 23 21 25 18 14 Storage 7 | . 14 2 7 11 11 11 9 7 7 7 7 7 5 Protection 7 | . . 11 9 11 11 3 4 7 7 7 4 11 4 Energy Gun 6 | . 27 7 8 . . . . . . 3 . 9 9 Energy Cannon 8 | . . 9 10 21 . 14 16 14 14 1 . 4 1 Launcher 1 | . . 8 . . . . . . . . . . . Slashing Weapon 1 | . . . . . . . . . . 7 8 . . Naked Turns 1 | . . . . . . . . . . . . . 1 Heaviest Build 95 | 13 32 34 56 53 40 40 66 88 88 83 84 91 95 Greatest Support 90 | 40 40 40 40 40 40 40 62 82 82 80 80 80 90 Greatest Overweight (x) 4 | . . 3 3 2 . . 1 2 1 1 1 1 4 Average Overweight (x) . | . . 1 1 1 . . . . 1 . . . 1 Largest Inventory Capacity 20 | 8 15 15 15 15 15 15 20 20 20 20 20 20 20 Average Capacity 15 | 7 10 6 12 15 15 15 17 20 20 20 20 20 19 Most Carried 20 | 6 10 10 15 15 15 15 20 20 20 20 20 20 20 Average Carried 14 | 3 8 5 10 14 14 14 15 19 19 17 19 18 17 Final Capacity 20 | 8 15 5 15 15 15 15 20 20 20 20 20 20 5 Final Carried 20 | 6 10 4 15 14 15 14 20 20 18 20 20 18 5 Class Distribution -------------------- 61% | Scavenger-Mutant 24% | Mutant 9% | Subdweller-Mutant Dominant Class ---------------- Mutant | -10/Materials Subdweller-Mutant | -10/Subcaves Scavenger-Mutant | -9/Materials Scavenger-Mutant | -9/Mines Scavenger-Mutant | -9/Exiles Scavenger-Mutant | -8/Mines Scavenger-Mutant | -8/Materials Scavenger-Mutant | -7/Factory Mutant | -7/Lower Caves Scavenger-Mutant | -7/Lower Caves Scavenger-Mutant | -7/Zion Scavenger-Mutant | -6/Proximity Caves Scavenger-Mutant | -6/Factory Resources | -11 -10 -10 -9 -9 -9 -8 -8 -7 -7 -7 -7 -6 -6 ----------- Run | Jun Mat Sub Mat Min Exi Min Mat Fac Low Low Zio Pro Fac Matter Collected 4202 | 141 249 903 636 217 . 50 299 289 190 298 20 224 686 Remotely . | . . . . . . . . . . . . . . Salvage Created 9066 | 92 640 857 1059 221 . 190 1304 823 40 739 . 670 2431 Parts 445 | 3 34 66 69 31 . 5 65 45 3 19 . 19 86 Haulers Intercepted 10 | . 2 . 2 . . . 2 1 . . . . 3 Recyclers Shooed 3 | . 1 . . . . . . . . . . . 2 Parts Field Recycled . | . . . . . . . . . . . . . . Retrieved Matter . | . . . . . . . . . . . . . . Parts Self-Destructed 55 | . . 16 . . . . . . 3 20 . 16 . Prevented 2 | . . . . . . . . . . 2 . . . Kills | -11 -10 -10 -9 -9 -9 -8 -8 -7 -7 -7 -7 -6 -6 ------- Run | Jun Mat Sub Mat Min Exi Min Mat Fac Low Low Zio Pro Fac Combat Hostiles Destroyed 204 | . 13 21 23 16 . 3 23 14 1 15 . 17 58 Melee 4 | . . . . . . . . . . 3 . . 1 Guns 52 | . 10 6 8 . . . . . . . . 7 21 Cannons 60 | . . 1 9 7 . 3 19 7 1 1 . 3 9 AOE 80 | . 2 14 5 9 . . 2 5 . 10 . 6 27 Classes Destroyed 22 | 2 6 3 . . . 2 2 1 . 2 . 2 2 Worker 16 | . 1 . 2 1 . 1 . 3 . . . . 8 Builder 4 | . . . . . . 1 . 1 . . . . 2 Tunneler 2 | 1 . . 1 . . . . . . . . . . Hauler 10 | . 2 . 2 . . . 2 1 . . . . 3 Recycler 10 | 1 1 . 2 . . . 1 . . . . . 5 Minesweeper 1 | . . . . . . . . . . 1 . . . Mechanic 4 | . . . . . . . . . . 1 . . 3 Operator 5 | . 1 . . . . . 2 1 . . . . 1 Drone 2 | . . . . . . . . . . . . 2 . Watcher 3 | . 1 . 1 . . . . . . . . . 1 Swarmer 35 | . 5 2 6 13 . . . . . 3 . . 6 Grunt 79 | . 8 2 10 3 . 2 13 7 . 8 . 6 20 Brawler 5 | . . . . . . . 1 1 . 2 . . 1 Duelist 3 | . . . . . . 1 1 . . 1 . . . Sentry 24 | . . 1 7 . . . 7 4 . 1 . 1 3 Demolisher 2 | . . . . . . . . . . . . . 2 Specialist 6 | . . . . . . . . . . . . 2 4 Hunter 8 | . . . . . . . 1 . . . . 4 3 Programmer 12 | . . . . . . . . 2 1 . . 2 7 Cobbler 1 | . . 1 . . . . . . . . . . . Subdweller 16 | . . 16 . . . . . . . . . . . Assembled 12 | . . . . . . . . . . . . . 12 Best Kill Streak 15 | 2 5 3 5 4 . 2 3 6 1 12 . 6 15 Combat Bots Only 15 | . 5 3 3 4 . 2 3 4 1 11 . 6 15 Max Kills in Single Turn 3 | 1 1 2 3 3 . 1 1 2 1 3 . 2 3 Gunslinging 1 | . . . . . . . . . . . . . 1 Exploded 3 | . 1 2 2 3 . . 1 2 . 3 . 2 3 Melee 1 | . . . . . . . . . . 1 . . 1 Uniques/NPCs Destroyed . | . . . . . . . . . . . . . . Combat | -11 -10 -10 -9 -9 -9 -8 -8 -7 -7 -7 -7 -6 -6 -------- Run | Jun Mat Sub Mat Min Exi Min Mat Fac Low Low Zio Pro Fac Damage Taken 11183 | . 339 978 1048 401 . 425 751 614 426 322 . 1772 4107 Core 1796 | . 96 153 129 44 . 68 46 88 . 49 . 202 921 Absorbed by Shields 592 | . . . . . . . . 312 68 96 . 116 . Redirected to Shielding 94 | . . . . . . . . . . . . . 94 Ignored by Resistances 32 | . . . . . . . . . . . . 5 27 Regen/Repaired (Parts) 690 | . . . . . . . . . . . 690 . . Core Remaining (%) 56 | 100 . . . . . 39 91 . . . . 51 . Volleys Fired 570 | 3 49 113 73 22 . 13 61 43 3 13 . 46 131 Largest 3 | 2 2 2 2 2 . 2 2 2 2 1 . 2 3 Hottest 225 | 100 112 112 136 136 . 136 143 143 105 75 . 150 225 Shots Fired 965 | 6 94 145 129 41 . 25 119 81 8 13 . 85 219 Gun 429 | 6 90 67 56 . . . 7 . . . . 67 136 Cannon 392 | . . 20 70 37 . 25 109 75 8 5 . 7 36 Launcher 97 | . 4 51 3 4 . . 3 6 . 8 . 6 12 Special 47 | . . 7 . . . . . . . . . 5 35 Kinetic 62 | . . 34 . 2 . . . . . . . . 26 Thermal 781 | 6 90 73 126 37 . 25 116 75 8 5 . 74 146 Explosive 101 | . 4 17 3 2 . . 3 6 . 8 . 11 47 Electromagnetic 21 | . . 21 . . . . . . . . . . . Robot Hit Streak 23 | 2 6 18 17 4 . 8 14 16 2 5 . 13 23 Robot Miss Streak 9 | 1 4 2 5 2 . 2 2 3 1 2 . 2 9 Penetration Max . | . . . . . . . . . . . . . . Secondary Targets 9 | . 1 1 . . . . . . . . . . 7 Max Gunslinging Chain 1 | . 1 1 . . . . . . . . . . 1 Shots Hit Robots 658 | 4 56 81 91 17 . 21 86 51 3 20 . 57 171 Core Hits 529 | 3 31 47 71 19 . 6 41 34 1 30 . 39 207 Critical Kills 8 | . . 1 1 . . . 2 3 . 1 . . . Critical Parts Destroyed . | . . . . . . . . . . . . . . Critical Strikes 46 | . 10 7 2 . . 1 3 3 . 1 . 2 17 Burn 23 | . 10 5 1 . . . 1 . . . . 2 4 Meltdown 8 | . . 1 1 . . . 2 3 . 1 . . . Blast 3 | . . . . . . . . . . . . . 3 Corrupt 1 | . . 1 . . . . . . . . . . . Smash 1 | . . . . . . 1 . . . . . . . Sever 10 | . . . . . . . . . . . . . 10 Melee Attacks 23 | . . . . . . 3 . . . 11 1 . 8 Impact 12 | . . . . . . 3 . . . . 1 . 8 Slashing 11 | . . . . . . . . . . 11 . . . Piercing . | . . . . . . . . . . . . . . Sneak Attacks 3 | . . . . . . 2 . . . 1 . . . Combat Hostiles . | . . . . . . . . . . . . . . Follow-up Attacks . | . . . . . . . . . . . . . . Damage Inflicted 25872 | 50 990 2389 1966 879 . 587 2152 1897 70 1670 . 2458 10764 Guns 5434 | 50 737 530 674 . . . 68 . . . . 1086 2289 Cannons 5734 | . . 264 823 305 . 367 1801 1143 70 75 . 100 786 Explosions 12692 | . 253 1570 469 571 . . 279 741 . 1086 . 1121 6602 Melee 792 | . . . . . . 220 . . . 509 . . 63 Ramming 29 | . . . . 3 . . 4 13 . . . . 9 Kinetic 2057 | . . 1145 . 351 . . . . . . . . 561 Thermal 10870 | 50 737 701 1590 305 . 367 1869 1143 70 75 . 1186 2777 Explosive 10444 | . 253 425 376 220 . . 279 492 . 1086 . 1121 6192 Electromagnetic 514 | . . 118 . . . . . 249 . . . . 147 Impact 283 | . . . . . . 220 . . . . . . 63 Slashing 1675 | . . . . . . . . . . 509 . 151 1015 Piercing . | . . . . . . . . . . . . . . Highest Corruption 7 | . . . 1 1 1 1 . 7 7 7 7 5 7 Average Corruption 3 | . . . 1 1 1 1 . 6 7 7 7 4 3 Corruption Purged . | . . . . . . . . . . . . . . Corruption Blocked . | . . . . . . . . . . . . . . Effects 178 | . . . 16 18 . . . 16 36 31 6 31 24 Message Errors 43 | . . . 6 1 . . . 3 8 8 3 9 5 Matter Fused 36 | . . . 2 4 . . . 7 8 7 . 3 5 Heat Flow Errors 19 | . . . . 3 . . . . 6 4 . 4 2 Energy Discharges 25 | . . . 2 4 . . . 2 4 4 2 4 3 Parts Fused 3 | . . . . . . . . . 2 1 . . . Data Loss (minor) 29 | . . . 1 3 . . . 2 5 5 1 4 8 Data Loss (major) 6 | . . . 2 . . . . 1 . 1 . 2 . Misfires 10 | . . . 1 2 . . . 1 2 . . 4 . Alerts 6 | . . . 2 1 . . . . 1 1 . . 1 Weapon Failures 1 | . . . . . . . . . . . . 1 . Overload Shots . | . . . . . . . . . . . . . . Overflow Damage 738 | . 30 19 1 1 . 132 39 26 . 199 . 66 225 Projectiles 103 | . . . 1 1 . . 28 21 . . . 1 51 Explosions 335 | . 30 19 . . . . 11 5 . 31 . 65 174 Melee 300 | . . . . . . 132 . . . 168 . . . Knockbacks 7 | . . . . . . . . 1 . . . . 6 Impact 1 | . . . . . . . . 1 . . . . . Kinetic 6 | . . . . . . . . . . . . . 6 Secondary . | . . . . . . . . . . . . . . Self-Inflicted Damage 178 | . . 123 43 . . . . . . 8 . . 4 Shots 9 | . . 6 1 . . . . . . 2 . . . Rammed 5 | . . . . . . . 1 1 . . . . 3 Targets Rammed 6 | . . . . 1 . . 1 1 . . . . 3 Kicked . | . . . . . . . . . . . . . . Crushed 1 | . . . . 1 . . . . . . . . . Highest Temperature 455 | 78 354 1 378 455 . 393 333 321 236 218 . 209 409 Average Temperature 118 | 33 95 1 124 174 . 159 83 90 93 118 . 79 164 Received Heat Transfer 2850 | . 147 207 402 9 . 171 423 230 40 137 . 220 864 Effects 20 | . 1 . 5 5 . 1 4 . . . . . 4 Shutdowns 6 | . 1 . . 3 . 1 . . . . . . 1 Energy Bleed 5 | . . . 4 . . . 1 . . . . . . Interference 8 | . . . 1 1 . . 3 . . . . . 3 Matter Decay 1 | . . . . 1 . . . . . . . . . Siege Activations . | . . . . . . . . . . . . . . Robots Corrupted . | . . . . . . . . . . . . . . Combat Hostiles . | . . . . . . . . . . . . . . Parts Fried 1 | . . . . . . 1 . . . . . . . Impact Corruptions 3 | . . . . . . 3 . . . . . . . Robots Melted 10 | . 1 1 1 . . . 2 3 . 1 . 1 . Combat Hostiles 9 | . 1 1 1 . . . 2 2 . 1 . 1 . Parts Melted 49 | . 9 3 7 1 . 1 5 4 . 1 . 7 11 Heat Transferred 20432 | 148 2849 2061 2913 555 . 666 3293 1776 74 111 . 2109 3877 Parts Sabotaged 2 | . . . . . . . . . . . . . 2 Parts Stolen . | . . . . . . . . . . . . . . Parts Stripped . | . . . . . . . . . . . . . . Power Chain Reactions . | . . . . . . . . . . . . . . Missiles Intercepted . | . . . . . . . . . . . . . . Alert | -11 -10 -10 -9 -9 -9 -8 -8 -7 -7 -7 -7 -6 -6 ------- Run | Jun Mat Sub Mat Min Exi Min Mat Fac Low Low Zio Pro Fac Peak Influence 1415 | 10 235 . 426 264 . 60 386 479 . . . . 1415 Initial 165 | . 6 . 96 165 . . 23 124 . . . . 159 Average 199 | 3 100 . 148 135 . 34 154 325 . . . . 318 Maximum Alert Level 4 | . 1 . 2 1 . . 1 2 . . . . 4 Low Security (%) 63 | 100 89 . 78 81 . 100 63 12 . . . . 48 Level 1 26 | . 10 . 14 18 . . 36 56 . . . . 32 Level 2 7 | . . . 6 . . . . 30 . . . . 9 Level 3 . | . . . . . . . . . . . . . 3 Level 4 1 | . . . . . . . . . . . . . 6 Level 5 . | . . . . . . . . . . . . . . High Security . | . . . . . . . . . . . . . . Max Security . | . . . . . . . . . . . . . . Squads Dispatched 32 | . 3 . 2 . . . 2 6 . 1 . . 18 Investigation 5 | . 1 . 1 . . . . . . . . . 3 Extermination 6 | . . . . . . . . 2 . . . . 4 Reinforcement 15 | . 2 . 1 . . . 2 4 . . . . 6 Assault 3 | . . . . . . . . . . 1 . . 2 Garrison 3 | . . . . . . . . . . . . . 3 Intercept . | . . . . . . . . . . . . . . Searches Triggered . | . . . . . . . . . . . . . . Construction Impeded 4 | . . . . . . . . 2 . . . . 2 Haulers Reinforced 2 | . . . . . . . . 1 . . . . 1 Active Scanning Responses . | . . . . . . . . . . . . . . Cargo Convoy Interrupts 2 | . . . . . . . . 1 . . . . 1 Stealth | -11 -10 -10 -9 -9 -9 -8 -8 -7 -7 -7 -7 -6 -6 --------- Run | Jun Mat Sub Mat Min Exi Min Mat Fac Low Low Zio Pro Fac Distress Signals 7 | . . . 3 . . . 3 . . . . . 1 Communications Jammed . | . . . . . . . . . . . . . . Distress Signals . | . . . . . . . . . . . . . . Times Spotted 300 | . 26 33 33 17 . 3 33 20 2 23 . 18 92 Peak Tracking Total 10 | . 3 5 4 4 . 3 6 4 1 8 . 4 10 Tactical Retreats 18 | . 2 2 2 1 . . 1 . . 3 . 1 6 Traps | -11 -10 -10 -9 -9 -9 -8 -8 -7 -7 -7 -7 -6 -6 ------- Run | Jun Mat Sub Mat Min Exi Min Mat Fac Low Low Zio Pro Fac Traps Triggered 17 | . 1 2 4 . . . . 8 . . . . 2 Indirectly 5 | . . . . . . . . 5 . . . . . Trap Hack Attempts . | . . . . . . . . . . . . . . Triggered . | . . . . . . . . . . . . . . Disarmed . | . . . . . . . . . . . . . . Reprogrammed . | . . . . . . . . . . . . . . Reused . | . . . . . . . . . . . . . . Traps Extracted . | . . . . . . . . . . . . . . Installed . | . . . . . . . . . . . . . . Triggered 4 | . . 1 . . . . . 2 . 1 . . . Machines | -11 -10 -10 -9 -9 -9 -8 -8 -7 -7 -7 -7 -6 -6 ---------- Run | Jun Mat Sub Mat Min Exi Min Mat Fac Low Low Zio Pro Fac Machines Disabled 38 | . 2 6 2 1 . . 1 11 . . . 1 14 Max in Single Turn 5 | . 2 4 2 1 . . 1 5 . . . 1 2 Garrison Access 2 | . . . . . . . 1 . . . . . 1 Machines Repaired . | . . . . . . . . . . . . . . Machines Sabotaged . | . . . . . . . . . . . . . . Overloaded Fab Kills . | . . . . . . . . . . . . . . Hacking | -11 -10 -10 -9 -9 -9 -8 -8 -7 -7 -7 -7 -6 -6 --------- Run | Jun Mat Sub Mat Min Exi Min Mat Fac Low Low Zio Pro Fac Machines Accessed 26 | . 1 2 7 . 1 . 4 4 . . 1 . 6 Terminals 19 | . 1 . 7 . . . 3 4 . . . . 4 Fabricators 2 | . . . . . . . . . . . . . 2 Repair Stations . | . . . . . . . . . . . . . . Recycling Units . | . . . . . . . . . . . . . . Scanalyzers . | . . . . . . . . . . . . . . Garrison Access 1 | . . . . . . . 1 . . . . . . Total Hacks 48 | . 1 3 13 . 1 . 6 4 . . 4 . 16 Successful 29 | . 1 3 6 . 1 . 4 3 . . 4 . 7 Failed 19 | . . . 7 . . . 2 1 . . . . 9 Catastrophic 5 | . . . 3 . . . . . . . . . 2 Database Lockouts . | . . . . . . . . . . . . . . Manual 9 | . . . 3 . . . 1 1 . . . . 4 Terminals 33 | . 1 . 13 . . . 5 4 . . . . 10 Fabricators 6 | . . . . . . . . . . . . . 6 Repair Stations . | . . . . . . . . . . . . . . Recycling Units . | . . . . . . . . . . . . . . Scanalyzers . | . . . . . . . . . . . . . . Garrison Access 1 | . . . . . . . 1 . . . . . . Terminal Hacks 22 | . 1 3 5 . 1 . 2 3 . . 4 . 3 Record 3 | . . 2 . . 1 . . . . . . . . Part Schematic 5 | . . . . . . . . . . . 4 . 1 Prototype ID Bank 4 | . . . 2 . . . 1 . . . . . 1 Branch Access Points 1 | . . . . . . . . 1 . . . . . Emergency Access Points 2 | . . . . . . . . 1 . . . . 1 Machine Index 1 | . . . . . . . . 1 . . . . . Terminal Index 1 | . . . . . . . 1 . . . . . . Alert Level 1 | . . . 1 . . . . . . . . . . Hauler Manifests 1 | . 1 . . . . . . . . . . . . Registered Components 1 | . . . 1 . . . . . . . . . . Zone Layout 1 | . . . 1 . . . . . . . . . . Derelict Proto ID Bank 1 | . . 1 . . . . . . . . . . . Fabricator Hacks 2 | . . . . . . . . . . . . . 2 Load Schematic 2 | . . . . . . . . . . . . . 2 Repair Station Hacks . | . . . . . . . . . . . . . . Recycling Unit Hacks . | . . . . . . . . . . . . . . Scanalyzer . | . . . . . . . . . . . . . . Garrison Access Hacks 1 | . . . . . . . 1 . . . . . . Seal Access 1 | . . . . . . . 1 . . . . . . Unauthorized Hacks 4 | . . . 1 . . . 1 . . . . . 2 Terminals 4 | . . . 1 . . . 1 . . . . . 2 Botnet 4 | . . . 1 . . . 1 . . . . . 2 Fabricators . | . . . . . . . . . . . . . . Repair Stations . | . . . . . . . . . . . . . . Recycling Units . | . . . . . . . . . . . . . . Scanalyzers . | . . . . . . . . . . . . . . Garrison Access . | . . . . . . . . . . . . . . Data Cores Recovered 2 | . . . . . . . 1 1 . . . . . Used 2 | . . . . . . . 1 1 . . . . . Hacking Detections 13 | . . . 6 . . . 1 1 . . . . 5 Full Trace Events 3 | . . . . . . . . . . . . . 3 Feedback Events . | . . . . . . . . . . . . . . Feedback Blocked . | . . . . . . . . . . . . . . Robot Schematics Acquired 3 | . . . . . . . . . . . 3 . . Robots Built . | . . . . . . . . . . . . . . Authchips . | . . . . . . . . . . . . . . Time . | . . . . . . . . . . . . . . Total Robot Build Rating . | . . . . . . . . . . . . . . Part Schematics Acquired 18 | . . . . . . . . . . . 17 . 1 Parts Built . | . . . . . . . . . . . . . . Authchips . | . . . . . . . . . . . . . . Time . | . . . . . . . . . . . . . . Total Part Build Rating . | . . . . . . . . . . . . . . Parts Repaired . | . . . . . . . . . . . . . . Time . | . . . . . . . . . . . . . . Parts Recycled . | . . . . . . . . . . . . . . Recycled Matter . | . . . . . . . . . . . . . . Retrieved Matter . | . . . . . . . . . . . . . . Retrieved Components . | . . . . . . . . . . . . . . Parts Scanalyzed . | . . . . . . . . . . . . . . Part Schematics Acquired . | . . . . . . . . . . . . . . Parts Damaged . | . . . . . . . . . . . . . . Bothacking | -11 -10 -10 -9 -9 -9 -8 -8 -7 -7 -7 -7 -6 -6 ------------ Run | Jun Mat Sub Mat Min Exi Min Mat Fac Low Low Zio Pro Fac Used RIF Installer . | . . . . . . . . . . . . . . Robots Hacked . | . . . . . . . . . . . . . . Non-combat . | . . . . . . . . . . . . . . Combat . | . . . . . . . . . . . . . . Robot Hacks Applied . | . . . . . . . . . . . . . . Relay Couplers Released . | . . . . . . . . . . . . . . Fabnet Peak Effective % . | . . . . . . . . . . . . . . Robots Rewired 2 | . . . . . . . . . . 2 . . . Allies Hacked . | . . . . . . . . . . . . . . Hacks Repelled . | . . . . . . . . . . . . . . Allies | -11 -10 -10 -9 -9 -9 -8 -8 -7 -7 -7 -7 -6 -6 -------- Run | Jun Mat Sub Mat Min Exi Min Mat Fac Low Low Zio Pro Fac Total Allies 3 | . . . . 1 . . . . . 2 . . . Largest Group 2 | . . . . 1 . . . . . 2 . . . Highest-Rated Group 50 | . . . . 31 . . . . . 50 . . . Highest-Rated Ally 31 | . . . . 31 . . . . . 30 . . . Total Orders 2 | . . . . . . . . . . . 2 . . EXPLORE 1 | . . . . . . . . . . . 1 . . RETURN 1 | . . . . . . . . . . . 1 . . Ally Attacks 6 | . . . . . . . . . . 6 . . . Total Damage 165 | . . . . . . . . . . 165 . . . Kills 1 | . . . . . . . . . . 1 . . . Allies Corrupted . | . . . . . . . . . . . . . . Allies Melted . | . . . . . . . . . . . . . . Intel | -11 -10 -10 -9 -9 -9 -8 -8 -7 -7 -7 -7 -6 -6 ------- Run | Jun Mat Sub Mat Min Exi Min Mat Fac Low Low Zio Pro Fac Robot Analysis Total . | . . . . . . . . . . . . . . Derelict Logs Recovered 9 | . . 2 . 2 . . . . . 1 3 1 . Drone Launches 1 | . . . . . . . . . . . 1 . . Drone Recoveries 1 | . . . . . . . . . . . 1 . . Exploration | -11 -10 -10 -9 -9 -9 -8 -8 -7 -7 -7 -7 -6 -6 ------------- Run | Jun Mat Sub Mat Min Exi Min Mat Fac Low Low Zio Pro Fac Turns Passed 19686 | 105 1528 3218 1944 1753 223 222 1342 1553 1074 1122 1799 1419 2384 Spaces Moved 10180 | 53 727 2378 957 676 137 105 584 671 450 592 1091 527 1232 Core 164 | 4 . . . . . . . . . . . . 160 Treads 6586 | 49 727 192 390 676 137 105 584 671 450 592 1091 527 395 Legs 227 | . . . . . . . . . . . . . 227 Wheels 3203 | . . 2186 567 . . . . . . . . . 450 Hover . | . . . . . . . . . . . . . . Flight . | . . . . . . . . . . . . . . Fastest Speed 50 | 50 160 80 105 240 160 160 152 156 236 160 160 160 50 Average Speed 166 | 151 160 117 168 241 160 160 181 199 236 165 163 234 147 Slowest Speed 330 | 160 160 240 240 320 160 160 235 320 240 240 240 240 330 Overloaded Moves . | . . . . . . . . . . . . . . Propulsion Burnouts . | . . . . . . . . . . . . . . Robots Hopped 1 | . . . . . . . . . . . 1 . . Cave-ins Triggered . | . . . . . . . . . . . . . . Exploration Rate (%) 59 | 5 97 95 67 100 52 14 58 18 75 70 89 64 31 Regions Visited 13 Branch Regions 8 Pre-discovered Areas 4 | . . 1 . 1 1 . . . . . 1 . . Known Exits Taken 3 | . . 1 1 . . . . 1 . . . . . Unknown Exits Taken 10 | 1 1 . . 1 1 1 1 . 1 1 1 1 . Scrap Searched 20 | . . 5 . 3 . 1 . . 4 2 3 2 . Spaces Dug 50 | . . 21 . 20 . . . . 2 . . . 7 Terrain Destroyed 1118 | . 10 458 61 45 . . 18 24 5 41 . 77 379 Melee 7 | . . . . . . . . . . . . . 7 Projectile 27 | . . . . . . . 5 4 5 1 . . 12 AOE 1084 | . 10 458 61 45 . . 13 20 . 40 . 77 360 Terrain Rammed . | . . . . . . . . . . . . . . Walls Destroyed . | . . . . . . . . . . . . . . Machines Disabled . | . . . . . . . . . . . . . . Actions | -11 -10 -10 -9 -9 -9 -8 -8 -7 -7 -7 -7 -6 -6 --------- Run | Jun Mat Sub Mat Min Exi Min Mat Fac Low Low Zio Pro Fac Total 11965 | 68 1003 2662 1171 752 142 128 742 811 456 704 1111 626 1589 Wait 743 | . 202 100 73 44 . . 51 39 . 71 . 35 128 Move 10165 | 52 726 2377 956 675 136 104 583 670 449 591 1088 526 1232 Hop 1 | . . . . . . . . . . . 1 . . Pick Up 74 | 6 8 8 16 1 1 2 5 5 . 3 6 4 9 Fast Attach 85 | 7 1 13 13 . . 1 7 9 . 1 3 1 29 Attach 57 | . . 5 4 2 2 3 7 3 2 3 . 7 19 Detach 20 | . . 2 5 . 2 . 2 2 . 1 . 1 5 Swap 105 | . 7 12 14 7 . 1 15 19 1 5 3 5 16 Drop 100 | . 10 22 17 . 1 1 10 20 1 . 9 . 9 Fire 570 | 3 49 113 73 22 . 13 61 43 3 13 . 46 131 Melee 23 | . . . . . . 3 . . . 11 1 . 8 Ram 3 | . . . . . . . . . . . . . 3 Kick . | . . . . . . . . . . . . . . Crush 3 | . . . . 1 . . 1 1 . . . . . Escape Stasis . | . . . . . . . . . . . . . . Rewire 7 | . . 1 . . . . . . . 5 . 1 . Trap . | . . . . . . . . . . . . . . Miscellaneous 9 | . . 9 . . . . . . . . . . . Route ------- -11/Junkyard -10/Materials (discovered 5 exits: *Mat x3 / [*Min] / *Sub) -10/Subcaves (discovered 3 exits: *Mat / *Mat / [*Rec]) -9/Materials (discovered 6 exits: *Mat x2 / *Min x2 / [*Sto x2]) -9/Mines (discovered 4 exits: *Mat x2 / *Exi / *Zio) -9/Exiles (discovered 2 exits: [*Min x2]) -8/Mines -8/Materials (discovered 2 exits: *Fac x2) -7/Factory (discovered 4 exits: *Fac x2 / *Low x2) -7/Lower Caves -7/Lower Caves (discovered 2 exits: *Fac / *Zio) -7/Zion -6/Proximity Caves -6/Factory (discovered 2 exits: *Fac x2) History --------- Turn | Location | Event 38 | -11/Junkyard | Discovered new exit (range 15) 106 | -11/Junkyard | Entered Materials 258 | -10/Materials | Discovered new exit (range 3) 306 | -10/Materials | Build established: Mutant 637 | -10/Materials | Discovered new exit (range 3) 819 | -10/Materials | Discovered new exit (range 16) 1082 | -10/Materials | Discovered new exit (range 13) 1625 | -10/Materials | Discovered new exit (range 6) 1634 | -10/Materials | Entered Subcaves 1777 | -10/Subcaves | A swath of the cavern ceiling suddenly collapsed 1949 | -10/Subcaves | Core integrity fell below 50% 2159 | -10/Subcaves | Core integrity fell below 20% 2182 | -10/Subcaves | A swath of the cavern ceiling suddenly collapsed 2238 | -10/Subcaves | Disturbed a concealed Subdweller 2721 | -10/Subcaves | Build established: Subdweller-Mutant 2827 | -10/Subcaves | Discovered new exit (range 15) 2848 | -10/Subcaves | Discovered new exit (range 7) 2981 | -10/Subcaves | Visited Clippyterm 2983 | -10/Subcaves | Learned Materials garrison access intel 3112 | -10/Subcaves | Ambushed by Subdweller buried in earth 3112 | -10/Subcaves | Ambushed by Subdweller buried in earth 3125 | -10/Subcaves | Shifting Twisted Machinery released Mak. Armor Plating 3174 | -10/Subcaves | Shifting Twisted Machinery released Sub. Power Source 3542 | -10/Subcaves | Shifting Twisted Machinery released Sub. Power Source 3598 | -10/Subcaves | Learned location of Zion (-7) 3598 | -10/Subcaves | Met a Zionite searching for "candidates" 3778 | -10/Subcaves | Ambushed by Subdweller buried in earth 3780 | -10/Subcaves | Discovered new exit (range 14) 3782 | -10/Subcaves | Ambushed by Subdweller buried in earth 3869 | -10/Subcaves | Shifting Twisted Machinery released Battle Rifle 3872 | -10/Subcaves | Shifting Twisted Machinery released Battle Rifle 3884 | -10/Subcaves | Shifting Twisted Machinery released Battle Rifle 4408 | -10/Subcaves | Build established: Mutant 4693 | -10/Subcaves | Visited 4L-MR0's lab 4771 | -10/Subcaves | Found Meta Core 4850 | -10/Subcaves | Identified exit to Materials 4852 | -10/Subcaves | Entered Materials 4852 | -9/Materials | Evolved 2 slots: Power x1, Utility x1 4853 | -9/Materials | Identified exit to Mines 4900 | -9/Materials | Attached Meta Core, gained temporary slots: Propulsion, Utility, Weapon 5227 | -9/Materials | Discovered new exit (range 6) 5359 | -9/Materials | Discovered new exit (range 3) 5567 | -9/Materials | Discovered new exit (range 13) 5590 | -9/Materials | Build established: Scavenger-Mutant 5928 | -9/Materials | Discovered new exit (range 10) 6796 | -9/Materials | Entered Mines 6837 | -9/Mines | Received a Rocket Launcher from a helpful Derelict 7077 | -9/Mines | Discovered new exit (range 9) 7157 | -9/Mines | A Derelict revealed a hidden shortcut to a safe place 7428 | -9/Mines | Discovered new exit (range 15) 7438 | -9/Mines | Learned Materials stockpile data 7891 | -9/Mines | Received a Mining Laser from a helpful Derelict 8365 | -9/Mines | Deemed a non-threat by the Exiles lab entrance 8367 | -9/Mines | Discovered new exit (range 5) 8549 | -9/Mines | Entered Exiles 8578 | -9/Exiles | Discovered new exit (range 15) 8592 | -9/Exiles | Met 8R-AWN 8621 | -9/Exiles | Met EX-HEX 8666 | -9/Exiles | Met EX-BIN 8687 | -9/Exiles | Met EX-DEC 8751 | -9/Exiles | Discovered new exit (range 14) 8772 | -9/Exiles | Entered Mines 8831 | -8/Mines | Discovered new exit (range 9) 8850 | -8/Mines | Core integrity fell below 50% 8994 | -8/Mines | Entered Materials 8994 | -8/Materials | Evolved 2 slots: Propulsion x1, Utility x1 8996 | -8/Materials | Loaded intel: 1 garrison access location 9289 | -8/Materials | Discovered new exit (range 7) 10124 | -8/Materials | Discovered new exit (range 16) 10336 | -8/Materials | Entered Factory 10336 | -7/Factory | Evolved 2 slots: Propulsion x1, Utility x1 10977 | -7/Factory | Discovered new exit (range 13) 11270 | -7/Factory | Discovered new exit (range 14) 11471 | -7/Factory | Cargo convoy interrupted 11695 | -7/Factory | Discovered new exit (range 8) 11806 | -7/Factory | Identified exit to Lower Caves 11889 | -7/Factory | Entered Lower Caves 11981 | -7/Lower Caves | Encountered a Warlord checkpoint 12430 | -7/Lower Caves | Build established: Mutant 12601 | -7/Lower Caves | Spotted B-75 Beast 12669 | -7/Lower Caves | Discovered new exit (range 3) 12963 | -7/Lower Caves | Entered another Lower Caves area 13095 | -7/Lower Caves | Discovered new exit (range 10) 13167 | -7/Lower Caves | Attracted the attention of an 0b10 outpost 13224 | -7/Lower Caves | Build established: Scavenger-Mutant 13225 | -7/Lower Caves | Destroyed 11 combat bots 13514 | -7/Lower Caves | Learned Factory interactive machine intel 13901 | -7/Lower Caves | Discovered new exit (range 10) 13957 | -7/Lower Caves | Encountered a Warlord checkpoint 14085 | -7/Lower Caves | Entered Zion 14247 | -7/Zion | Discovered new exit (range 12) 14253 | -7/Zion | Acquired unknown access codes intercepted by a Zionite 14432 | -7/Zion | System corruption cleaned by Quarantine Array 14546 | -7/Zion | Learned location of Extension (-4) 14567 | -7/Zion | Visited the Megawrench Repair Shop 14619 | -7/Zion | Learned location of 1 exit from Factory 14635 | -7/Zion | Learned Factory emergency access door positions 14645 | -7/Zion | Given the Hacking Drone Bay 14655 | -7/Zion | Found Prototype Device 14656 | -7/Zion | Identified Hacking Drone Bay 14792 | -7/Zion | Received a visual enhancement algorithm 15442 | -7/Zion | Megawrench repaired 12 parts 15568 | -7/Zion | Found Prototype Special Weapon 15570 | -7/Zion | Found Prototype Special Weapon 15573 | -7/Zion | Found Prototype Special Weapon 15575 | -7/Zion | Found Prototype Special Weapon 15884 | -7/Zion | Entered Proximity Caves 15887 | -6/Proximity Caves | Spotter reported a threat 16027 | -6/Proximity Caves | Learned Factory terminal intel 16031 | -6/Proximity Caves | Acquired the password to a Derelict Tinkerer's latest research 16157 | -6/Proximity Caves | Caught by Unaware searching for contraband prototypes 16401 | -6/Proximity Caves | Attracted the attention of an 0b10 checkpoint 16405 | -6/Proximity Caves | Identified RU-N14's Throwing Claymores (x4) 16436 | -6/Proximity Caves | Caught by Unaware searching for contraband prototypes 16443 | -6/Proximity Caves | Lost 5 parts (1p3n1w) 16582 | -6/Proximity Caves | Discovered new exit (range 8) 17178 | -6/Proximity Caves | Spotted B-75 Beast 17303 | -6/Proximity Caves | Entered Factory 17303 | -6/Factory | Evolved 2 slots: Utility x1, Weapon x1 17304 | -6/Factory | Identified exit to Factory 17306 | -6/Factory | Loaded intel: 52 interactive machine locations 17307 | -6/Factory | Loaded intel: 26 terminal locations 18026 | -6/Factory | Build established: Scavenger-Gunner 18178 | -6/Factory | Assembled infested ambush trap array 18233 | -6/Factory | Destroyed 15 combat bots 18271 | -6/Factory | Lost 13 parts (2p5n3u3w) 18358 | -6/Factory | Lost 3 parts (1p2u) 18537 | -6/Factory | Lost 3 parts (1p2n) 18617 | -6/Factory | Discovered exit to Factory (range 10) 18795 | -6/Factory | Build established: Scavenger-Tank 18926 | -6/Factory | Core integrity fell below 50% 18976 | -6/Factory | Lost 6 parts (1p2n3u) 19039 | -6/Factory | Lost 4 parts (1n1u2w) 19341 | -6/Factory | Build established: Scavenger-Mutant 19403 | -6/Factory | First assault squad dispatched 19497 | -6/Factory | Destroyed 8 combat bots 19516 | -6/Factory | Cargo convoy interrupted 19524 | -6/Factory | Core integrity fell below 20% 19544 | -6/Factory | Released all parts (4) 19557 | -6/Factory | Lost 6 parts (2p2n1u1w) 19563 | -6/Factory | Destroyed 8 combat bots 19687 | -6/Factory | Destroyed by Heavy Explosive Trap Last Messages --------------- 19604_ G-67 Veteran unfolds itself. 19604_ B-48 Gladiator unfolds itself. 19604_ G-50 Soldier unfolds itself. 19604_ I-36 Angel unfolds itself. 19605_ K-01 Serf collects debris. 19615_ W53TC%S H>NP8D7PQKE7W/EMC#|AS#AK 19632_ NFWFWL/ET=DTFMVQ2 YZ8GI=PEVAQ 19636_ Acquired Powered Hammer. 19656_ Flexi-carbon Leg destroyed. 19664_ System corrupted: Component data lost. 19664_ The unstable cave ceiling collapses. 19664_ P-60 Hacker crushed by falling debris. 19664_ P-60 Hacker system corrupted by crushing effect. 19671_ Acquired Adv. Treads. 19673_ Connecting with Terminal... 19673_ ALERT: Suspicious activity at Terminal F010. Dispatching Investigation squad. 19679_ P-60 Hacker destroyed. 19687_ Triggered Heavy Explosive Trap. 19687_ An explosion rips through the floor. Map ----- +----------------------------------------------------+ | | | | | | | | | | | | | | | ??????????###########????????????????????????????? | | ??????????# """"" #????????????????????????????? | | ??????????# ""T"" #????????????????????????????? | | ??????????# #????????????????????????????? | | ????###???# / #????????????????????????????? | | ?####"##?##+##+######????????????????????????????? | | ?# #####" ## #?????????????????????????????????? | | ?# ## # # ## #?????????????????????????????????? | | ?# ### ## ## #?????????????????????????????????? | | ?## ##?#### ## #?????????????????????????????????? | | ??# #?????# ## #???#########?????????????????????? | | ??# #?#???#+## #???# ??????????????????????? | | ??# #?# ????# #???# #???????????????????????? | | ??# #?# """??# #???# #???????????????????????? | | ??# ### """ # ##### #???????????????????????? | | ??# / """ %/[ #???????????????????????? | | ??# ### # ### #???????????????????????? | | ??# #?# * # #?# #########???????????????? | | ??# #?###+#### #?# @ ????????? | | ??# #???? #?# ????????? | | ??# ##### #?# ????????? | | ??# #?# ?????????? | | ??# #?# ?????????? | | ??# #?####+############+##??????????? | | ??# ^ #???????????????????????????????? | | #######"# #???????????????????????????????? | | ! # #???????????????????????????????? | | """ # #???????????????????????????????? | | """ !# #???????????????????????????????? | | """ #? ##??????????????????????????????? | | # +??????????????????????????????? | | #####/### #?????????????????????????????????? | | ???# #?????????????????????????????????? | | ???# #?????????????????????????????????? | | ???# #?????????????????????????????????? | | ???# ####### #?????????????????????????????????? | | ???# #?#####+##????????????????????????????????? | | ???# # ?????????????????????????????????? | | ???# # """"""""???????????????????????????????? | | ???# + #????????????????????????????? | | ???# # """"""""???????????????????????????????? | | ???# # ?????????????????????????????????? | | ???# #?######+#????????????????????????????????? | +----------------------------------------------------+ Best States ------------- Heat Dissipation 137 Energy Generation 31 Energy Capacity 520 Matter Stores 300 Matter Capacity 300 Sight Range 16 Robot Scan Range 15 Terrain Scan Range 14 Terrain Scan Density 10 Armor Coverage 800 Resistance: TH 15 Core Shielding 30 Evasion (%) 55 Targeting Accuracy 8 Recoil Reduction 4 Particle Charging 15 Offensive Hacking 11 Item Schematics ----------------- Med. Treads | -7/Zion | Archive Imp. Actuator Array | -7/Zion | Archive Weapon Cycler | -7/Zion | Archive Power Amplifier | -7/Zion | Archive Phase Cannon | -7/Zion | Archive Gravmag System | -7/Zion | Archive Mapping Drone Bay | -7/Zion | Archive Mak. Salvage Targeting Computer | -7/Zion | Archive Fission Core | -7/Zion | Archive Transmission Jammer | -7/Zion | Archive Enh. Optical Array | -7/Zion | Archive Imp. Carbon-fiber Leg | -7/Zion | Archive Great Axe | -7/Zion | Archive Beamcaster | -7/Zion | Free Riot Gun | -7/Zion | Free Battle Rifle | -7/Zion | Free Phasing Sabre | -7/Zion | Free Nuclear Pulse Array | -6/Factory | Hacked Robot Schematics ------------------ K-01 Serf | -7/Zion | Archive X-82 Rainmaker | -7/Zion | Archive B-48 Gladiator | -7/Zion | Archive Fabricated ------------ Nothing Alien Tech Used ----------------- None Achievements -------------- None Challenges ------------ None Game ------ Seed CoilCloakSource Manual? 0 Play Time 01:57:50 Cumulative 664.4 hours Start 2023.06.26 @ 17:36:35 End 2023.06.28 @ 10:38:26 Sessions 1 Manual Loads 0 Difficulty Rogue Special Mode None Game No. 664 Rogue 663 Adventurer 0 Explorer 1 Win Type - Total 31 Types 22/0/6/3/0/0/0/0/0 Lore% 84 Gallery% 90 Achievement% 79 Wizard Run 0 Options --------- ASCII 0 Keyboard 1 Movement Vi Keybinds 0 Fullscreen 1 Font 18/SmallcapsGlow Map View 76x50 Tactical HUD 1 Map Filters NONE Filters NONE Steam 1 RUN: 4e636961-1e1f-4fef-9741-9311074a32a1